 Dungeon Crawl Stone Soup version 0.30.0-29-ga12c61a403 (webtiles) character file.

Game seed: 18370007888633356221

378 qw the Shield-Bearer (level 6, -2/37 HPs)
             Began as a Gargoyle Fighter on June 5, 2023.
             Slain by a river rat (3 damage)
             ... summoned by Eustachio
             ... on level 4 of the Dungeon.
             The game lasted 00:01:07 (2608 turns).

qw the Shield-Bearer (Gargoyle Fighter)             Turns: 2608, Time: 00:01:08

Health: -2/37      AC: 12    Str: 21      XL:     6   Next: 74%
Magic:  6/6        EV:  7    Int:  9      God:
Gold:   193        SH: 12    Dex:  8 (9)  Spells: 5/5 levels left

rFire   . . .        Y - +0 war axe (freeze)
rCold   . . .        e - +0 tower shield
rNeg    + . .        b - +0 scale mail
rPois   inf          (no helmet)
rElec   +            (no cloak)
rCorr   .            g - +0 pair of gloves
SInv    .            (no boots)
Will    .....        l - amulet of the acrobat Stlth
                     (no ring)
HPRegen 0.26/turn    (no ring)
MPRegen 0.10/turn

%: acrobat
@: no status effects
A: sickness immunity, AC +4, negative energy resistance 1, electricity
resistance, torment resistance 1, petrification resistance
a: no special abilities


You were on level 4 of the Dungeon.
You visited 1 branch of the dungeon, and saw 4 of its levels.

You collected 193 gold pieces.


Innate Abilities, Weirdness & Mutations

You are immune to sickness and miasma.
Your stone body is resilient. (AC +4)
You are immune to poison.
You resist negative energy. (rN+)
You are resistant to electric shocks. (rElec)
You are resistant to unholy torment.
You are immune to petrification.


   Skills:
 - Level 3.2 Fighting
 - Level 4.4 Axes
 - Level 3.2 Armour
 + Level 6.3 Shields


You had 5 spell levels left.
You didn't know any spells.
Your spell library was empty.

Inventory:

Hand Weapons
 c - a +0 mace
 Y - a +0 war axe of freezing (weapon)
Missiles
 i - 2 silver boomerangs (quivered)
Armour
 b - a +0 scale mail (worn)
 e - a +0 tower shield (worn)
 g - a +0 pair of gloves (worn)
Jewellery
 l - an amulet of the acrobat (around neck)
 o - a ring of willpower
Scrolls
 h - 3 scrolls of identify
 m - a scroll of amnesia {unknown}
Potions
 a - a potion of curing
 d - 2 potions of might
 f - 2 potions of heal wounds {unknown}
 j - a potion of resistance
 k - a potion of cancellation {unknown}
 n - a potion of berserk rage {unknown}

Dungeon Overview and Level Annotations

Branches:
Dungeon (4/15)
 Temple: D:4-7

Altars:
Kikubaaqudgha
Wu Jian

Annotations:
D:4 Eustachio


Message History

Eustachio is almost dead.
You hit the white imp but do no damage. You miss the quasit.
You block the quasit's attack.
The quasit claws you but does no damage.
You block the quasit's attack.
Eustachio mumbles some strange words.
Eustachio blinks!
The white imp puffs mist at you. The white imp closely misses you.
The quasit barely misses you. You block the quasit's attack.
The quasit barely misses you.
You barely miss the quasit. You slash the quokka! You freeze the quokka.
You kill the quokka!
The quokka's corpse disappears in a puff of smoke!
You closely miss the white imp.
Eustachio mumbles some strange words.
You block the white imp's attack. You block the quasit's attack.
The quasit claws you but does no damage.
You block the quasit's attack.
Eustachio gestures wildly while chanting.
Eustachio blinks!
The white imp hits you but does no damage.
The quasit barely misses you.
The quasit claws you but does no damage. x2
You closely miss the quasit. You completely miss the white imp.
You block the quasit's attack. x2
The quasit claws you but does no damage.
You block the white imp's attack.
The river rat twitches its whiskers.
The quasit bites you.
You feel clumsy.
The quasit claws you but does no damage. x2
You closely miss the quasit. You hit the white imp. You block the bat's attack.
The white imp gestures at you.
The puff of frost hits you but does no damage.
The quasit completely misses you. You block the quasit's attack.
The quasit claws you but does no damage.
The white imp gestures at you. The puff of frost hits you!
The river rat bites you.
You die...

. # .. ### .7_
#.. .... #####..
.....#####+#
.........
......%.##.#
#.........
.....##..b.#
#(........ .~.
##..r##
#......... ~
###5@###
#.........
##5..###
#.........
###...#
#.........
###.###.......).
#...#.........
###...........
##.......)..
#..........
##.###+####


You could see a quasit (summoned), a river rat (summoned), a white imp
(summoned) and a bat (summoned).

Vanquished Creatures
  Grinder (D:3)
  A scorpion (D:4)
  5 adders
  3 gnolls (D:2)
  2 worms
  A dart slug (D:2)
  An orc (D:3)
  12 ball pythons
  4 bats
  7 endoplasms
  3 giant cockroaches
  3 goblins
  3 hobgoblins
  3 quokkas
  A frilled lizard (D:1)
  3 rats
53 creatures vanquished.

Notes
Turn   | Place    | Note
-------+----------+-------------------------------------------
     0 | D:1      | qw the Gargoyle Fighter began the quest for the Orb.
     0 | D:1      | Reached XP level 1. HP: 14/14 MP: 1/1
     0 | D:1      | 0 ||| qw: Version: 0.2-a-108-gee2c290
     0 | D:1      | 0 ||| qw: Game counter: 1371
     0 | D:1      | 0 ||| qw: Always use a shield: true
     0 | D:1      | 0 ||| qw: God list: Okawaru
     0 | D:1      | 0 ||| qw: Allow faded altars: false
     0 | D:1      | 0 ||| qw: Do Orc after D:15 true
     0 | D:1      | 0 ||| qw: Do second Lair branch before Depths: true
     0 | D:1      | 0 ||| qw: Lair rune preference: random
     0 | D:1      | 0 ||| qw: Plans: Normal, Zot:1-4, Slime:5, God:TSO, Crypt,
                  | Tomb, Abyss, Pan, Hells, Win
     0 | D:1      | 0 ||| PLANNING D:1-11
   620 | D:1      | 620 ||| UPGRADING to +0 pair of gloves.
   625 | D:1      | 625 ||| READING scroll labelled TOQEHE MORU.
   626 | D:1      | 626 ||| READING scroll labelled YKHLAO JITI.
   627 | D:1      | 627 ||| READING scroll labelled FOTYWK ZULUSK.
   628 | D:1      | 628 ||| READING scroll labelled ESAAGO BITOPN.
   629 | D:1      | 629 ||| READING scroll labelled GUZIG TOULA.
   681 | D:2      | Reached XP level 2. HP: 17/19 MP: 2/2
   701 | D:2      | 701 ||| FLEEEEING.
   702 | D:2      | 702 ||| FLEEEEING.
   703 | D:2      | 703 ||| FLEEEEING.
   704 | D:2      | 704 ||| FLEEEEING.
   705 | D:2      | 705 ||| FLEEEEING.
   708 | D:2      | 708 ||| STAIRDANCE
   758 | D:2      | Reached skill level 3 in Axes
   762 | D:2      | 762 ||| Stepping ~*~*~tactically~*~*~ (stealth).
   766 | D:2      | 766 ||| Stepping ~*~*~tactically~*~*~ (stealth).
   770 | D:2      | Reached XP level 3. HP: 23/23 MP: 3/3
   781 | D:2      | 781 ||| Stepping ~*~*~tactically~*~*~ (stealth).
   782 | D:2      | 782 ||| Stepping ~*~*~tactically~*~*~ (stealth).
   786 | D:2      | 786 ||| Stepping ~*~*~tactically~*~*~ (stealth).
   906 | D:2      | 906 ||| Stepping ~*~*~tactically~*~*~ (stealth).
   907 | D:2      | 907 ||| Stepping ~*~*~tactically~*~*~ (stealth).
   914 | D:2      | Reached XP level 4. HP: 26/28 MP: 4/4
   996 | D:2      | 996 ||| Stepping ~*~*~tactically~*~*~ (stealth).
  1008 | D:2      | 1008 ||| Stepping ~*~*~tactically~*~*~ (stealth).
  1393 | D:2      | 1393 ||| UPGRADING to +0 tower shield.
  1403 | D:2      | 1403 ||| DROPPING +0 buckler.
  1421 | D:3      | 1421 ||| DROPPING +0 club.
  1570 | D:3      | Noticed Grinder
  1571 | D:3      | 1571 ||| Stepping ~*~*~tactically~*~*~ (hiding).
  1573 | D:3      | 1573 ||| Stepping ~*~*~tactically~*~*~ (hiding).
  1582 | D:3      | Killed Grinder
  1583 | D:3      | Reached skill level 5 in Shields
  1583 | D:3      | Reached XP level 5. HP: 10/32 MP: 5/5
  1583 | D:3      | Reached XP level 6. HP: 12/37 MP: 6/6
  1856 | D:3      | Found a faded altar of an unknown god.
  1933 | D:3      | 1933 ||| Stepping ~*~*~tactically~*~*~ (hiding).
  2283 | D:3      | 2283 ||| UPGRADING to amulet of the acrobat.
  2288 | D:3      | 2288 ||| READING scroll labelled PUEVAI CEWAQI.
  2292 | D:3      | 2292 ||| READING scroll labelled VORGHU XAAZUSI.
  2293 | D:3      | 2293 ||| DRINKING 2 viscous coppery potions.
  2294 | D:3      | 2294 ||| DRINKING 3 bubbling orange potions.
  2295 | D:3      | 2295 ||| READING 2 scrolls of identify.
  2295 | D:3      | 2295 ||| IDENTIFYING bubbling purple potion
  2296 | D:3      | 2296 ||| DROPPING 2 potions of brilliance.
  2392 | D:4      | Reached skill level 6 in Shields
  2496 | D:4      | Found an ancient bone altar of Kikubaaqudgha.
  2551 | D:4      | Found an ornate altar of the Wu Jian Council.
  2552 | D:4      | Noticed Eustachio
  2592 | D:4      | 2592 ||| FLEEEEING.
  2593 | D:4      | 2593 ||| FLEEEEING.
  2594 | D:4      | 2594 ||| FLEEEEING.
  2595 | D:4      | 2595 ||| FLEEEEING.
  2608 | D:4      | HP: 1/37 [white imp/puff of frost[Eustachio] (14)]
  2608 | D:4      | Slain by a river rat

Levels and vault maps discovered:
D:1:      minmay_arrival_stone_box, layout_loops_ring
D:2:      layout_rooms, chequers_serial_rivers_room_a, minmay_shallow_snake_nest
D:3:      layout_loops_ring, ebering_ecumenical_altar_hall, uniq_grinder
D:4:      layout_basic, kiku_gazebo_pond_becter, nzn_wu_jian_contemplation,
          mainiacjoe_overflow_six_doors_small, uniq_ijyb, uniq_eustachio

Skill      XL: |  1  2  3  4  5  6 |
---------------+-------------------+-----
Axes           | 2 3 4 |  4.4
Shields        | 5 6 |  6.3
Fighting       | |  3.2
Armour         | |  3.2

Action                     |  1- 3 |  4- 6 || total
---------------------------+-------+-------++-------
  Melee: War axe           |    70 |   116 ||   186
  Throw: Boomerang         |       |    27 ||    27
    Use: Scroll            |     5 |     3 ||     8
         Potion            |       |     2 ||     2
 Armour: Scale mail        |    48 |    84 ||   132
  Dodge: Dodged            |    37 |    36 ||    73
  Block: Buckler           |    15 |     5 ||    20
         Tower shield      |       |    84 ||    84

Table legend:
 A = Non-vault XP
 B = Vault XP
 C = Vault XP percentage of total XP
 D = Non-vault monster count
 E = Vault monster count
 F = Vault count percentage of total count
                 A         B        C        D         E       F
            +---------+---------+-------+---------+---------+-------
      Total |     257 |     284 |  52.5 |      45 |       8 |  15.1
            +---------+---------+-------+---------+---------+-------
        D:1 |       7 |       0 |   0.0 |       5 |       0 |   0.0
        D:2 |     119 |      22 |  15.6 |      23 |       7 |  23.3
        D:3 |      18 |     262 |  93.6 |       8 |       1 |  11.1
        D:4 |     113 |       0 |   0.0 |       9 |       0 |   0.0
            +---------+---------+-------+---------+---------+-------
